 Dungeon Sprint DCSS version 0.21.1-1-g345015f (webtiles) character file.

14464 Fang the Severer (level 11, -12/175 HPs)
             Began as a Minotaur Berserker on June 14, 2018.
             Was the Champion of Trog.
             Mangled by an elephant (16 damage)
             ... summoned by a spriggan berserker
             ... in the Dungeon (Sprint V: "Ziggurat Sprint").
             The game lasted 00:07:37 (2275 turns).

Fang the Severer (Minotaur Berserker)               Turns: 2275, Time: 00:07:38

Health: -12/175    AC: 12    Str: 35    XL:     11   Next: 89%
Magic:  6/6        EV: 16    Int: 17    God:    Trog [******]
Gold:   0          SH:  2    Dex: 11    Spells: 10/10 levels left

rFire    + + .     SeeInvis .   C - +1 hand axe "Judupti" {antimagic, +Inv rF++ Int+8}
rCold    . . .     Gourm    .   (no shield)
rNeg     . . .     Faith    .   M - +1 troll leather armour of the Guild-Master {rPois Regen+}
rPois    +         Spirit   .   D - +3 hat of Pondering {ponderous, MR+ MP+10 Int+5}
rElec    .         Reflect  +   (no cloak)
rCorr    .         Harm     .   (no gloves)
MR       +....     NoTele   +   H - +1 pair of boots {Fly}
Stlth    ..........             b - +2 amulet of reflection
HPRegen  0.79/turn              (no ring)
MPRegen  0.10/turn              F - +6 ring of strength

@: berserking (expiring), afraid, flying, studying Long Blades, very quick
A: retaliatory headbutt, horns 2
a: Berserk, Trog's Hand, Brothers in Arms, Burn Spellbooks, Renounce Religion,
Evoke Invisibility, Stop Flying


You were in the Dungeon.
You worshipped Trog.
Trog was exalted by your worship.
You were very hungry.

You visited 1 branch

Inventory:

Hand Weapons
 k - a +5 executioner's axe
 u - a +2 war axe of distortion
 A - a +1 war axe of draining
 B - a +1 war axe of electrocution
 C - the +1 hand axe "Judupti" (weapon) {antimagic, +Inv rF++ Int+8}
   (You found it in the Dungeon)

   It reduces the magical energy of the wielder, and disrupts the spells and
   magical abilities of those hit.
   Natural abilities and divine invocations are not affected.
   It affects your intelligence (+8).
   It greatly protects you from fire.
   It lets you turn invisible.
 E - a +2 battleaxe of flaming
 I - a +6 antimagic battleaxe
Missiles
 j - 7 steel javelins (quivered)
Armour
 D - the +3 hat of Pondering (worn) {ponderous, MR+ MP+10 Int+5}
   (You found it in the Dungeon)

   It affects your intelligence (+5).
   It affects your resistance to hostile enchantments.
   It affects your magic capacity (+10).
 H - a +1 pair of boots of flying (worn)
 M - the +1 troll leather armour of the Guild-Master (worn) {rPois Regen+}
   (You found it in the Dungeon)

   It protects you from poison.
   It increases your rate of regeneration.
Jewellery
 b - a +2 amulet of reflection (around neck)
 F - a +6 ring of strength (right hand)
Wands
 x - a wand of disintegration (7)
 y - a wand of iceblast (7)
 z - a wand of acid (7)
Scrolls
 i - 4 scrolls of blinking
 m - 7 scrolls of fog
 n - 4 scrolls of enchant armour
 o - 4 scrolls of identify
 p - 5 scrolls of remove curse
 q - 2 scrolls of fear
Potions
 d - 10 potions of curing
 e - 9 potions of heal wounds
 f - 6 potions of haste
 g - 7 potions of magic
 h - 3 potions of berserk rage
 r - 2 potions of brilliance
 s - 2 potions of invisibility
 t - 4 potions of resistance
 v - 5 potions of agility
 w - 5 potions of might
Books
 a - a manual of Long Blades
Miscellaneous
 l - a box of beasts
 G - a lamp of fire
 J - a phial of floods
 K - a phial of floods
 L - a sack of spiders
Comestibles
 c - 5 rations


   Skills:
 + Level 17.3 Fighting
 + Level 3.8 Long Blades
 + Level 17.8(19.1) Axes
   Level 12.8(16.8) Polearms
 + Level 12.7 Armour
 + Level 9.2 Dodging
 + Level 2.3 Stealth


You had 10 spell levels left.
You didn't know any spells.

Dungeon Overview and Level Annotations

Branches:
Dungeon (1/1)

Altars:
Ashenzari
Cheibriados
Dithmenos
Elyvilon
Fedhas
Gozag
Hepliaklqana
Kikubaaqudgha
Makhleb
Nemelex Xobeh
Okawaru
Qazlal
Ru
Sif Muna
Trog
Uskayaw
Vehumet
Wu Jian
Xom
Yredelemnul
Zin
The Shining One
Beogh
Jiyva
Lugonu

Annotations:
D 1 transporter


Innate Abilities, Weirdness & Mutations

You reflexively headbutt those who attack you in melee.
You have a pair of horns on your head.


Message History

The elephant is heavily wounded.
You miss the spriggan air mage. You barely miss the dryad.
You hit the spriggan berserker. You slash the spriggan air mage!
The spriggan air mage's magic leaks into the air.
The dryad hits you but does no damage.
The spriggan air mage barely misses you.
You furiously retaliate!
You headbutt the spriggan air mage.
The spriggan air mage falters for a moment.
The spriggan rider hits you from afar with a spear!
* * * LOW HITPOINT WARNING * * *
The spriggan berserker hits you but does no damage.
You miss the spriggan air mage.
The spriggan air mage is heavily wounded.
You slash the dryad!
The dryad's magic leaks into the air.
You slash the spriggan berserker! You slash the spriggan air mage!
The spriggan air mage's magic leaks into the air.
You hit the elephant but do no damage.
You are feeling very hungry.
The elephant tramples you!
You die...

▓.▓.....▓.▓
▓....8©8....▓....©....▓
▓..}}:.}[:..▓▓▓▓▓▓▓▓▓▓▓
▓...).:}:...▓...8©8...▓
▓...........▓..)|[.}..▓
▓.....i.....▓....)....▓
▓..ciciRh...▓.........▓
▓....iiRi...▓....)....▓
▓.Y@i.▓ ▓.........▓
▓▓...▓▓ ▓....)....▓
▓..▓.....▓..▓.........▓
▓.....©.....▓....©....▓
▓▓▓▓▓▓▓▓▓▓▓▓▓▓▓▓▓▓▓▓▓▓▓
▓...8©8...▓...8©8...▓..
▓..)[))[[.▓..)[.))..▓..
▓..)|="...▓...))|...▓..
▓.........▓.........▓..


You could see an elephant (berserk), 2 satyrs, 2 spriggan riders, 2 spriggan
berserkers, 2 dryads, 3 spriggan air magi and a polar bear (berserk).

Vanquished Creatures
  A great orb of eyes (D)
  A spriggan air mage (D)
  2 dancing weapons (D)
  3 soul eaters (D)
  A deep elf knight (D)
  A deep elf mage (D)
  2 freezing wraiths (D)
  A raiju (D)
  4 air elementals (D)
  A flying skull (D)
  2 wyverns (D)
  A large abomination (D)
  An acid dragon (D)
  6 hell hounds (D)
  4 swamp drakes (D)
  An ice beast (D)
  An orc warrior (D)
  An eye of draining (D)
  2 necrophages (D)
  A phantom (D)
  A wight (D)
  A crimson imp (D)
  3 quasits (D)
  An orc priest (D)
  2 jellies (D)
  3 orc wizards (D)
  3 white imps (D)
  2 ufetubi (D)
  An adder zombie (D)
  An ooze (D)
  2 adder skeletons (D)
  An orc (D)
  2 spectral bats (D)
  4 bat skeletons (D)
  A bat zombie (D)
  A giant cockroach zombie (D)
  A jackal skeleton (D)
  2 leopard gecko skeletons (D)
  A leopard gecko zombie (D)
  3 quokka skeletons (D)
  A spectral leopard gecko (D)
74 creatures vanquished.

Vanquished Creatures (others)
  A wind drake (D)
  An insubstantial wisp (D)
2 creatures vanquished.

Grand Total: 76 creatures vanquished

Notes
Turn   | Place    | Note
-------+----------+-------------------------------------------
     0 | D        | Found the +6 Majin-Bo {vamp, Archmagi MP+6 Int+6}
     0 | D        | Found the +7 great mace "Firestarter" {inner flame, rF++}
     0 | D        | Fang the Minotaur Berserker began the quest for the Orb.
     0 | D        | Reached XP level 1. HP: 19/19 MP: 0/0
     3 | D        | Found a blossoming altar of Fedhas.
     4 | D        | Found a viscous altar of Jiyva.
     4 | D        | Found a hazy altar of Hepliaklqana.
     4 | D        | Found a transporter.
     4 | D        | Found an opulent altar of Gozag.
     4 | D        | Found an ancient bone altar of Kikubaaqudgha.
     4 | D        | Found a corrupted altar of Lugonu.
    10 | D        | Found a burning altar of Makhleb.
    11 | D        | Found a stormy altar of Qazlal.
    11 | D        | Found a sacrificial altar of Ru.
    11 | D        | Found an iron altar of Okawaru.
    11 | D        | Found a deep blue altar of Sif Muna.
    11 | D        | Found a sparkling altar of Nemelex Xobeh.
    11 | D        | Found a bloodstained altar of Trog.
    77 | D        | Entered arena 2.
    77 | D        | Noticed a necrophage
    77 | D        | Noticed a necrophage
    77 | D        | Found a transporter.
    80 | D        | Killed a necrophage
    80 | D        | Reached XP level 2. HP: 34/34 MP: 1/1
    80 | D        | Reached XP level 3. HP: 39/39 MP: 2/2
    80 | D        | Reached XP level 4. HP: 47/47 MP: 3/3
    82 | D        | Killed a necrophage
    82 | D        | Reached XP level 5. HP: 56/56 MP: 4/4
   129 | D        | Entered arena 3.
   129 | D        | Noticed a hell hound
   129 | D        | Found a transporter.
   130 | D        | Reached ** piety under Trog
   133 | D        | Killed a hell hound
   133 | D        | Reached skill level 5 in Armour
   133 | D        | Reached XP level 6. HP: 54/66 MP: 5/5
   134 | D        | Reached *** piety under Trog
   134 | D        | Reached **** piety under Trog
   189 | D        | Entered arena 4.
   189 | D        | Found a transporter.
   193 | D        | Reached skill level 10 in Fighting
   193 | D        | Reached skill level 10 in Axes
   193 | D        | Reached skill level 5 in Polearms
   193 | D        | Reached skill level 5 in Dodging
   194 | D        | Reached ***** piety under Trog
   205 | D        | Received a gift from Trog
   284 | D        | Entered arena 5.
   284 | D        | Noticed a war axe of draining
   284 | D        | Noticed a deep elf mage
   284 | D        | Noticed a deep elf knight
   284 | D        | Noticed a war axe of electrocution
   284 | D        | Found a transporter.
   291 | D        | Killed a war axe of draining
   291 | D        | Reached XP level 7. HP: 77/77 MP: 6/6
   291 | D        | Reached XP level 8. HP: 83/83 MP: 7/7
   296 | D        | Killed a deep elf knight
   298 | D        | Killed a deep elf mage
   298 | D        | Reached skill level 10 in Polearms
   298 | D        | Reached XP level 9. HP: 34/93 MP: 8/8
   300 | D        | Killed a war axe of electrocution
   666 | D        | Entered arena 6.
   666 | D        | Found a transporter.
   667 | D        | Found the +3 hat of Pondering {ponderous, MR+ MP+10 Int+5}
   668 | D        | Received a gift from Trog
   672 | D        | Reached ****** piety under Trog
   674 | D        | Got a pitted broad axe {god gift}
   689 | D        | Identified the +7 broad axe of Disorder {vamp, rC+ Str+4} (Trog gifted it to you in the Dungeon)
   694 | D        | Entered arena 7.
   694 | D        | Noticed a wind drake
   695 | D        | Found a transporter.
   697 | D        | Received a gift from Trog
   701 | D        | Killed a wind drake
   932 | D        | Entered arena 8.
   933 | D        | Found a transporter.
   938 | D        | Received a gift from Trog
  1001 | D        | Entered arena 9.
  1002 | D        | Found a transporter.
  1007 | D        | Received a gift from Trog
  1007 | D        | Reached skill level 10 in Armour
  1007 | D        | Reached XP level 10. HP: 104/104 MP: 6/9
  1010 | D        | Reached skill level 15 in Fighting
  1021 | D        | Reached skill level 15 in Axes
  1310 | D        | Got the +1 hand axe "Judupti" {antimagic, +Inv rF++ Int+8}
  1333 | D        | Entered arena 10.
  1333 | D        | Noticed a great orb of eyes
  1335 | D        | Found a transporter.
  1339 | D        | Received a gift from Trog
  1358 | D        | Killed a great orb of eyes
  1365 | D        | Received a gift from Trog
  1634 | D        | Reached XP level 11. HP: 114/114 MP: 6/10
  1637 | D        | Entered arena 11.
  1638 | D        | Found the +9 staff of Olgreb {rPois}
  1638 | D        | Found a transporter.
  1646 | D        | Received a gift from Trog
  1657 | D        | Received a gift from Trog
  1694 | D        | Entered arena 12.
  1695 | D        | Noticed a soul eater
  1695 | D        | Noticed a soul eater
  1695 | D        | Noticed a soul eater
  1697 | D        | Found a transporter.
  1708 | D        | Killed a soul eater
  1712 | D        | Killed a soul eater
  1715 | D        | Killed a soul eater
  1735 | D        | Received a gift from Trog
  1735 | D        | Received a gift from Trog
  1740 | D        | Got the +1 troll leather armour of the Guild-Master {rPois Regen+}
  1886 | D        | Entered arena 13.
  1888 | D        | Found a transporter.
  1896 | D        | Received a gift from Trog
  2102 | D        | Received a gift from Trog
  2263 | D        | Entered arena 14.
  2264 | D        | Noticed a spriggan berserker
  2264 | D        | Noticed a spriggan air mage
  2264 | D        | Noticed a spriggan air mage
  2264 | D        | Noticed a spriggan air mage
  2265 | D        | Noticed a spriggan berserker
  2265 | D        | Noticed a spriggan air mage
  2265 | D        | Noticed a spriggan rider
  2265 | D        | Noticed a spriggan rider
  2266 | D        | Noticed a satyr
  2266 | D        | Noticed a satyr
  2267 | D        | Found a transporter.
  2271 | D        | Killed a spriggan air mage
  2274 | D        | HP: 4/175 [spriggan rider/spear (12)]
  2275 | D        | Mangled by an elephant

Skill      XL: |  1  2  3  4  5  6  7  8  9 10 11 |
---------------+----------------------------------+-----
Fighting       | 7 8 9 12 13 14 15 17 | 17.3
Axes           | 6 8 9 12 13 14 16 17 | 17.8
Polearms       | 2 3 4 8 10 12 | 12.8
Armour         | 4 5 7 8 10 11 12 | 12.7
Dodging        | 3 4 6 7 8 9 |  9.2
Long Blades    | 3 |  3.8
Stealth        | 2 |  2.3

Action                   |  1- 3 |  4- 6 |  7- 9 | 10-12 || total
-------------------------+-------+-------+-------+-------++-------
Melee: Demon trident     |     2 |    17 |     8 |       ||    27
       Headbutt          |       |     2 |     8 |    24 ||    34
       War axe           |       |       |    22 |       ||    22
       Battleaxe         |       |       |     3 |    10 ||    13
       Hand axe          |       |       |       |    84 ||    84
Invok: Berserk           |     1 |     1 |     2 |     4 ||     8
       Burn Spellbooks   |       |     2 |     2 |     5 ||     9
  Use: Scroll            |       |     1 |     1 |       ||     2
       Potion            |       |       |       |     2 ||     2
  Eat: Chunk             |       |       |     3 |     1 ||     4
       Ration            |       |       |       |     2 ||     2
Armor: Shadow dragon sca |       |     3 |    17 |    44 ||    64
       Troll leather arm |       |       |       |    13 ||    13
       Scale mail        |       |       |       |     7 ||     7
Dodge: Dodged            |       |     1 |    26 |    89 ||   116
Block: Other             |       |       |       |     7 ||     7
